 Seeded DCSS version 0.31-a0-662-g684573625c (webtiles) character file.

Game seed: 13626088154475070101 (custom seed)

36577 bmack86 the Warrior (level 13, -8/134 HPs)
             Began as a Minotaur Fighter on Aug 31, 2023.
             Was an Initiate of Gozag.
             Mangled by a red ugly thing (14 damage)
             ... on level 14 of the Dungeon.
             The game lasted 00:35:12 (12851 turns).

bmack86 the Warrior (Minotaur Fighter)             Turns: 12851, Time: 00:35:13

Health: -8/134     AC: 20    Str: 24    XL:     13   Next: 53%
Magic:  12/12      EV: 12    Int:  8    God:    Gozag
Gold:   1415       SH:  6    Dex: 18    Spells: 12/12 levels left

rFire   . . .        d - +8 mithril axe "Arga" {speed, Will+}
rCold   . . .        c - +0 buckler
rNeg    . . .        l - +2 plate armour
rPois   .            i - +2 hat
rElec   .            E - +0 cloak
rCorr   .            (no gloves)
SInv    .            (no boots)
Will    +....        L - amulet of regeneration Stlth
                     q - +5 ring of evasion
HPRegen 1.22/turn    S - ring "Koxtal" {Int+3 Dex+6}
MPRegen 0.13/turn

%: no passive effects
@: gold aura
A: horns 2, retaliatory headbutt
a: Renounce Religion, Potion Petition, Call Merchant, Bribe Branch


You were on level 14 of the Dungeon.
You worshipped Gozag.
Gozag was most pleased with you.
You visited 3 branches of the dungeon, and saw 17 of its levels.
You also visited: Bailey and Gauntlet.

You collected 4214 gold pieces.
You spent 2682 gold pieces at shops.
You paid 117 gold pieces to Gozag.

Inventory:

Hand Weapons
 d - the +8 mithril axe "Arga" (weapon) {speed, Will+}
   (You bought it in a shop on level 2 of the Orcish Mines)

   Will+:     It increases your willpower.
 e - a +9 broad axe of venom
Missiles
 h - 5 silver javelins
 r - 6 curare-tipped darts
 A - 26 boomerangs
 N - 2 throwing nets
 U - 6 javelins
Armour
 c - a +0 buckler (worn)
 i - a +2 hat (worn)
 l - a +2 plate armour (worn)
 E - a +0 cloak (worn)
Jewellery
 j - a ring of ice
 q - a +5 ring of evasion (left hand)
 s - a ring of protection from fire
 L - an amulet of regeneration (around neck)
 S - the ring "Koxtal" (right hand) {Int+3 Dex+6}
   (You found it in a Gauntlet)

   [ring of dexterity]

   Int+3:     It affects your intelligence (+3).
   Dex+6:     It affects your dexterity (+6).
 T - a +5 ring of evasion
 V - a ring of resist corrosion
Wands
 x - a wand of paralysis (13)
 z - a wand of acid (8)
 D - a wand of iceblast (8)
 K - a wand of digging (8)
 O - a wand of flame (38) (quivered)
 X - a wand of mindburst (4)
Scrolls
 k - 6 scrolls of teleportation
 m - 6 scrolls of fear
 n - a scroll of blinking
 C - 2 scrolls of revelation
 H - 4 scrolls of fog
 M - a scroll of enchant weapon
Potions
 o - 2 potions of haste
 p - 12 potions of curing
 F - a potion of cancellation
 I - 3 potions of heal wounds
 J - a potion of lignification
 Y - a potion of ambrosia
 Z - 2 potions of brilliance


   Skills:
 * Level 18.3 Fighting
 - Level 18.0 Axes
 + Level 11.9 Armour
 - Level 5.0 Shields


You had 12 spell levels left.
You didn't know any spells.
Your spell library contained the following spells:

 Spells                   Type           Power      Damage    Failure   Level
 Apportation              Tloc           0%         N/A       99%         1
 Magic Dart               Conj           0%         1d3       99%         1
 Necrotise                Necr           0%         1d4       99%         1
 Shock                    Conj/Air       0%         1d3       99%         1
 Summon Small Mammal      Summ           0%         N/A       99%         1
 Searing Ray              Conj           0%         2d4       100%        2
 Call Canine Familiar     Summ           0%         N/A       100%        3
 Ignite Poison            Fire/Tmut/Pois 0%         N/A       100%        3
 Inner Flame              Hex/Fire       0%         N/A       100%        3
 Portal Projectile        Hex/Tloc       0%         N/A       100%        3
 Summon Guardian Golem    Hex/Summ       0%         N/A       100%        3
 Tukima's Dance           Hex            0%         N/A       100%        3
 Vampiric Draining        Necr           0%         2d6       100%        3
 Volatile Blastmotes      Fire/Tloc      0%         2d10      100%        3
 Fulminant Prism          Conj/Hex       0%         3d5       100%        4
 Iskenderun's Mystic Bla  Conj/Tloc      0%         2d3       100%        4
 Sticky Flame             Conj/Fire      0%         2d3       100%        4
 Vhi's Electric Charge    Tloc/Air       0%         N/A       100%        4
 Agony                    Necr           0%         N/A       100%        5
 Alistair's Intoxication  Tmut/Pois      0%         N/A       100%        5
 Arcjolt                  Conj/Air       0%         1d10      100%        5
 Borgnjor's Vile Clutch   Necr/Erth      0%         N/A       100%        5
 Freezing Cloud           Conj/Ice/Air   0%         6-21      100%        5
 Summon Forest            Summ/Tloc      0%         N/A       100%        5
 Summon Mana Viper        Hex/Summ       0%         N/A       100%        5
 Yara's Violent Unravell  Hex/Tmut       0%         3d3       100%        5
 Eringya's Noxious Bog    Tmut/Pois      0%         4d6       100%        6
 Summon Cactus Giant      Summ           0%         N/A       100%        6
 Enfeeble                 Hex            0%         N/A       100%        7
 Haunt                    Necr/Summ      0%         N/A       100%        7
 Ignition                 Fire           0%         3d3       100%        8
 Infestation              Necr           0%         N/A       100%        8
 Maxwell's Capacitive Co  Air            0%         ∞         100%        8
 Animate Dead             Necr           Unusable   N/A       N/A         4

Dungeon Overview and Level Annotations

Branches:
Dungeon (13/15)            Temple (1/1) D:7            Lair (0/5) D:10
    Orc (2/2) D:9             Elf (0/3) Orc:2        Bailey (visited)
Gauntlet (visited)
 Vaults: D:13-14

Altars:
Ashenzari
Cheibriados
Dithmenos
Elyvilon
Fedhas
Gozag
Hepliaklqana
Kikubaaqudgha
Makhleb
Nemelex Xobeh
Okawaru
Qazlal
Ru
Sif Muna
Trog
Uskayaw
Vehumet
Wu Jian
Xom
Yredelemnul
Zin
The Shining One

Shops:
D:7 ?*?   D:8 :   Orc:2 (


Innate Abilities, Weirdness & Mutations

You have a pair of horns on your head.
You reflexively headbutt those who attack you in melee.


Message History

You slash the red ugly thing! You closely miss the red ugly thing.
You slash the red ugly thing!
The vampire mosquito is distracted by your dazzling golden aura.
The very large slime creature closely misses you.
You furiously retaliate!
You headbutt the very large slime creature, but do no damage.
The large slime creature hits you!
The vampire mosquito buzzes angrily.
You hit the very large slime creature.
The very large slime creature is moderately wounded.
You hit the red ugly thing. You miss the vampire mosquito.
The vampire mosquito is no longer distracted by gold.
You hit the large slime creature. You closely miss the red ugly thing. x2
The vampire mosquito bites you but does no damage.
The red ugly thing bites you but does no damage.
The red ugly thing punches you.
You are engulfed in flames!!
* * * LOW HITPOINT WARNING * * *
The red ugly thing is distracted by your dazzling golden aura.
You block the very large slime creature's attack.
The red ugly thing gurgles horribly!
You slash the very large slime creature!
You headbutt the very large slime creature!
The very large slime creature is heavily wounded.
You slash the large slime creature! You slash the red ugly thing!
The red ugly thing is no longer distracted by gold.
You slash the red ugly thing! You hit the red ugly thing.
You slash the vampire mosquito!
You destroy the vampire mosquito!
The large slime creature hits you!
* * * LOW HITPOINT WARNING * * *
You block the red ugly thing's attack.
You cut the very large slime creature into ribbons!!!
You headbutt the very large slime creature!
The very large slime creature is severely wounded.
You hit the large slime creature. You hit the red ugly thing. x2
You slice the red ugly thing!! The red ugly thing tentacle-slaps you.
* * * LOW HITPOINT WARNING * * *
You are engulfed in flames!
You die...
Your body crumbles into a pile of gold.

##......#
#.......# ..
#.......# .#
#.......# #.#
#....... ..
###...... .#
#.....uJ## ##.#
#.....u@J#####..#
#.....$#u##....#
#......#.$..####
#......##..##
#.?.... #.##
#......#..#
#......#..#
#.........# ..#.#


You could see 3 ugly things, a very large slime creature and a large slime
creature.

Vanquished Creatures
  Kirke (D:13)
  2 orc warlords
  A minotaur (Gauntlet)
  Erolcha (D:10)
  A hydra (D:9)
  Erica (Orc:1)
  A two-headed ogre (Orc:2)
  2 sixfirhies (Gauntlet)
  Pikel (D:9)
  5 orc knights
  A necromancer (Gauntlet)
  2 orc sorcerers (Orc:1)
  2 deep elf pyromancers
  A manticore (D:11)
  3 ugly things
  A cyclops (D:12)
  6 gargoyles
  A kobold demonologist (D:11)
  An unseen horror (D:11)
  A komodo dragon (D:10)
  A freezing wraith (D:9)
  A tengu conjurer (D:9)
  3 trolls
  6 flying skulls (Gauntlet)
  2 vampires
  A wraith (D:9)
  23 yaks
  5 wyverns (D:9)
  2 humans (D:9)
  8 vampire mosquitoes
  4 hogs (D:13)
  2 steam dragons
  3 wargs
  Menkaure (D:4)
  3 acid dragons
  A water moccasin (D:5)
  A sky beast (D:7)
  An ice beast (D:7)
  23 orc warriors
  2 black bears (D:6)
  7 centaurs
  3 wolves (Gauntlet)
  4 ogres
  2 phantoms
  3 kobold brigands
  5 bullfrogs
  A gnoll sergeant (D:10)
  5 scorpions
  14 wights
  8 killer bees
  2 howler monkeys
  7 hounds
  2 jellies
  8 orc priests
  Jessica (D:2)
  A sleepcap (D:7)
  3 iguanas (D:5)
  18 orc wizards
  10 gnolls
  8 adders
  2 white imps
  3 ufetubi
  A worm (D:5)
  2 dart slugs (D:1)
  49 orcs
  4 bats
  4 endoplasms
  3 giant cockroaches
  14 goblins
  4 hobgoblins
  6 jackals
  31 kobolds
  4 quokkas
  6 ball pythons
  7 frilled lizards
  3 rats
383 creatures vanquished.

Notes
Turn   | Place    | Note
-------+----------+-------------------------------------------
     0 | D:1      | bmack86 the Minotaur Fighter began the quest for the Orb.
     0 | D:1      | Reached XP level 1. HP: 19/19 MP: 0/0
   107 | D:1      | Reached XP level 2. HP: 22/26 MP: 1/1
   510 | D:1      | Found a faded altar of an unknown god.
   559 | D:2      | Reached XP level 3. HP: 31/31 MP: 2/2
   790 | D:2      | Noticed Jessica
   791 | D:2      | Killed Jessica
   792 | D:2      | Reached skill level 5 in Shields
   792 | D:2      | Reached XP level 4. HP: 39/39 MP: 3/3
  1333 | D:3      | Reached skill level 5 in Axes
  1446 | D:3      | Found a shadowy altar of Dithmenos.
  1530 | D:3      | Reached XP level 5. HP: 33/45 MP: 4/4
  2279 | D:4      | Reached XP level 6. HP: 17/51 MP: 5/5
  2799 | D:4      | Noticed Menkaure
  2802 | D:4      | Killed Menkaure
  3019 | D:5      | Entered Level 5 of the Dungeon
  3069 | D:5      | Found a shadowy altar of Dithmenos.
  3083 | D:5      | Reached XP level 7. HP: 56/57 MP: 6/6
  3493 | D:5      | Reached skill level 10 in Axes
  3811 | D:5      | Found a snail-covered altar of Cheibriados.
  3956 | D:5      | Reached XP level 8. HP: 64/64 MP: 7/7
  4245 | D:6      | Found a radiant altar of Vehumet.
  4692 | D:7      | Found Hites's Magic Scroll Shop.
  4780 | D:7      | Found Zecs's General Store.
  4802 | D:7      | Found a staircase to the Ecumenical Temple.
  4812 | Temple   | Entered the Ecumenical Temple
  4835 | Temple   | Became a worshipper of Gozag Ym Sagoz the Greedy
  4932 | D:7      | Reached XP level 9. HP: 60/70 MP: 8/8
  4956 | D:7      | Found a flagged portal.
  5050 | Bailey   | Entered a bailey
  5055 | Bailey   | Noticed an orc warlord
  5141 | Bailey   | Noticed an orc knight
  5161 | Bailey   | Killed an orc knight
  5193 | Bailey   | Found a runed translucent gate.
  5193 | Bailey   | Found a runed translucent gate.
  5291 | Bailey   | Found a runed translucent gate.
  5317 | Bailey   | Noticed an orc knight
  5335 | Bailey   | Killed an orc knight
  5336 | Bailey   | Reached skill level 15 in Axes
  5348 | Bailey   | Identified a scroll of acquirement
  5469 | Bailey   | Acquired 469 gold pieces
  5542 | Bailey   | Killed an orc warlord
  5543 | Bailey   | Reached XP level 10. HP: 48/77 MP: 9/9
  5571 | Bailey   | Reached skill level 10 in Fighting
  5571 | Bailey   | Reached XP level 11. HP: 71/101 MP: 10/10
  5774 | D:7      | Bought a scroll of brand weapon for 142 gold pieces
  5911 | D:7      | Found Waniekel's Magic Scroll Boutique.
  5914 | D:7      | Bought a scroll of enchant armour for 82 gold pieces
  5914 | D:7      | Bought a scroll of enchant weapon for 82 gold pieces
  6187 | D:7      | Bought a scroll of enchant weapon for 90 gold pieces
  6187 | D:7      | Bought a scroll of enchant weapon for 90 gold pieces
  6313 | D:8      | Found Piuloss's Book Boutique.
  7168 | D:9      | Reached skill level 5 in Armour
  7458 | D:9      | Noticed a four-headed hydra
  7466 | D:9      | Killed a ten-headed hydra
  7471 | D:9      | Noticed a deep elf pyromancer
  7477 | D:9      | Killed a deep elf pyromancer
  7923 | D:9      | Found an iron altar of Okawaru.
  8268 | D:9      | Noticed Pikel
  8280 | D:9      | Killed Pikel
  8303 | D:9      | Found a sparkling altar of Nemelex Xobeh.
  8374 | D:9      | Found a staircase to the Orcish Mines.
  8428 | D:10     | Entered Level 10 of the Dungeon
  8523 | D:10     | Found a glowing silver altar of Zin.
  8562 | D:10     | Reached XP level 12. HP: 100/116 MP: 11/11
  8694 | D:10     | Found a staircase to the Lair.
  8724 | D:10     | Noticed Erolcha
  8734 | D:10     | Killed Erolcha
  9058 | Orc:1    | Entered Level 1 of the Orcish Mines
  9160 | Orc:1    | Reached skill level 15 in Fighting
  9629 | Orc:2    | Entered Level 2 of the Orcish Mines
  9629 | Orc:2    | Noticed a two-headed ogre
  9639 | Orc:2    | Killed a two-headed ogre
  9675 | Orc:2    | Noticed an orc warlord
  9694 | Orc:2    | Killed an orc warlord
  9748 | Orc:2    | Found a staircase to the Elven Halls.
  9765 | Orc:1    | Noticed Erica
  9793 | Orc:1    | Killed Erica
 10338 | Orc:2    | Reached skill level 10 in Armour
 10512 | Orc:2    | Found Bantee Abla's Antique Weapon Boutique.
 10527 | Orc:2    | Bought the +8 mithril axe "Arga" {speed, Will+} for 2196
                  | gold pieces
 10527 | Orc:2    | Found the +8 mithril axe "Arga" {speed, Will+}
 11362 | D:12     | Reached XP level 13. HP: 130/130 MP: 12/12
 11416 | D:12     | Found a gate leading to a gauntlet.
 11424 | Gauntlet | Entered a Gauntlet
 11424 | Gauntlet | Found a transporter.
 11429 | Gauntlet | Found a transporter.
 11431 | Gauntlet | Found a transporter.
 11450 | Gauntlet | Found a transporter.
 11451 | Gauntlet | Found a transporter.
 11464 | Gauntlet | Found a transporter.
 11480 | Gauntlet | Found a runed translucent door.
 11481 | Gauntlet | Found a transporter.
 11482 | Gauntlet | Found a runed translucent door.
 11491 | Gauntlet | Found a transporter.
 11501 | Gauntlet | Found a transporter.
 11542 | Gauntlet | Found a transporter.
 11728 | Gauntlet | Identified the ring "Koxtal" {Int+3 Dex+6}
 11735 | Gauntlet | Noticed a minotaur
 11747 | Gauntlet | Killed a minotaur
 11772 | Gauntlet | Got Pemo Uqa's Discursus on the Voltaic Gang
 12772 | D:13     | Noticed Kirke
 12787 | D:13     | Killed Kirke
 12827 | D:13     | You fall into a shaft and drop 1 floor!
 12851 | D:14     | HP: 6/134 [red ugly thing (6)]
 12851 | D:14     | Mangled by a red ugly thing

Illustrated notes

Levels and vault maps discovered:
D:1:      lightli_arrival_statuegarden, layout_rooms,
          dreamdust_ecumenical_altar_hidden_monk_grotto, hangedman_decor_lopped,
          corexii_leaking_fountain
D:2:      layout_basic, uniq_jessica
D:3:      layout_basic, mainiacjoe_overflow_chevrons, hex_medium
D:4:      layout_basic, uniq_menkaure
D:5:      layout_basic, serial_glass, glass_columns_b, glass_columns_c,
          glass_columns_c, glass_columns_a, glass_columns_c, glass_columns_c,
          hangedman_feature_mirror, kennysheep_generic_room_11
D:6:      layout_gridville, nicolae_vehumet_altar_sigil,
          chequers_serial_rivers_micro_c, nicolae_sextant, minmay_misc_feat_x
D:7:      layout_loops_cross, minmay_temple_entry_trees, serial_shops,
          nicolae_shop_tiny_real_fake_doors, shop, nicolae_shop_tiny_glass,
          enter_bailey_3
D:8:      layout_basic, serial_shops, shop
D:9:      minmay_imperfect_grid, layout_rooms, okawaru_humans,
          old_standard_altar, orc_0_dummy, uniq_pikel
D:10:     layout_rooms, zin_academy, erik_lair_orcish_takeover, uniq_erolcha
D:11:     layout_cave_pools
D:12:     cheibrodos_statue_roulette, layout_long_grid, gauntlet_entry_generic,
          serial_co_window_serial, co_window_paths_b, co_window_paths_a,
          co_window_paths_a, co_window_of_opportunity_a, co_window_paths_b,
          co_window_unsneaky_path_a, co_window_of_opportunity_b,
          co_window_of_opportunity_c, co_window_broadway_b, co_window_cross_3,
          co_window_unsneaky_path_b, co_window_paths_e, glass_columns_a,
          glass_columns_c, glass_columns_b, nrook_loot_triangle
D:13:     layout_basic, hive_lemuel, uniq_kirke
D:14:     layout_rooms, erik_vaults_2, uniq_rupert, uniq_josephine
Temple:   bh_familiar_temple
Orc:1:    layout_diamond_mine, library_closet, uniq_erica
Orc:2:    st_orc_mages, layout_diamond_mine, serial_shops, shop_fountains,
          basic_altar

Skill      XL: |  1  2  3  4  5  6  7  8  9 10 11 12 13 |
---------------+----------------------------------------+-----
Shields        | 4 5 |  5.0
Axes           | 3 4 5 6 8 10 13 16 17 18 | 18.0
Fighting       | 10 13 16 18 | 18.3
Armour         | 7 10 11 | 11.9

Action                     |  1- 3 |  4- 6 |  7- 9 | 10-12 | 13-15 || total
---------------------------+-------+-------+-------+-------+-------++-------
  Melee: War axe           |    47 |   140 |   154 |     2 |       ||   343
         Headbutt          |     3 |    15 |    24 |    50 |    26 ||   118
         Broad axe         |       |       |       |   328 |   113 ||   441
  Throw: Dart              |       |       |     3 |       |       ||     3
  Evoke: Wand              |       |       |     1 |     5 |       ||     6
    Use: Scroll            |       |    10 |     7 |    15 |     3 ||    35
         Potion            |       |       |     2 |     3 |       ||     5
   Stab: Distracted        |       |       |       |     8 |     1 ||     9
 Armour: Scale mail        |    29 |       |       |       |       ||    29
         Plate armour      |     1 |   134 |    82 |   271 |    84 ||   572
  Dodge: Dodged            |    27 |    36 |    70 |   167 |    38 ||   338
  Block: Buckler           |     7 |    35 |    31 |    81 |    17 ||   171

Table legend: (Time is in decaauts)
 A = Elapsed time spent in this place.
 B = Non-inter-level travel time spent in this place.
 C = Inter-level travel time spent in this place.
 D = Time resting spent in this place.
 E = Time spent auto-exploring this place.
 F = Levels seen in this place.
 G = Mean time per level.
                   A        B        C        D        E       F      G
               +--------+--------+--------+--------+--------+-----+--------+
         Total |  12727 |  12155 |    572 |    443 |   7658 |  19 |  669.8 |
       Dungeon |  10158 |   9687 |    471 |    233 |   6790 |  14 |  725.6 |
        Temple |     45 |      2 |     43 |      0 |      0 |   1 |   45.0 |
  Orcish Mines |   1474 |   1417 |     57 |    155 |    652 |   2 |  737.0 |
        Bailey |    638 |    638 |      0 |     55 |    120 |   1 |  638.0 |
      Gauntlet |    409 |    409 |      0 |      0 |     96 |   1 |  409.0 |
               +--------+--------+--------+--------+--------+-----+--------+

Top non-repeatable levels by time:
     D:9: 1520 daAuts
    D:12: 1092 daAuts
     D:3: 955 daAuts
     D:5: 940 daAuts
     D:7: 874 daAuts
   Orc:1: 866 daAuts
     D:2: 814 daAuts
     D:4: 760 daAuts
     D:8: 755 daAuts
     D:6: 693 daAuts
  Bailey: 638 daAuts
   Orc:2: 607 daAuts
    D:11: 579 daAuts
    D:10: 568 daAuts
     D:1: 537 daAuts
